 Dungeon Crawl Stone Soup version 0.28.0-1-gb440e238dd (webtiles) character file.

Game seed: 7811856476338312161

304 Ablot the Grasshopper (level 6, -2/51 HPs)
             Began as a Gnoll Warper on Feb 26, 2022.
             Slain by a quokka (4 damage)
             ... on level 4 of the Dungeon.
             The game lasted 00:04:43 (4805 turns).

Ablot the Grasshopper (Gnoll Warper)                Turns: 4805, Time: 00:04:43

Health: -2/51      AC: -2    Str: 13    XL:     6   Next: 38%
Magic:  10/14      EV: 13    Int: 12    God:
Gold:   98         SH:  0    Dex: 11    Spells: 13/15 levels left

rFire   . . .      SeeInvis .   a - +0 trident
rCold   . . .      Faith    .   (no shield)
rNeg    + . .      Spirit   .   b - +0 leather armour
rPois   .          Reflect  .   (no helmet)
rElec   .          Harm     .   (no cloak)
rCorr   .          Rampage  .   t - +0 pair of gloves
Will    +....                   x - +0 pair of boots
Stlth   ++........              (no amulet)
HPRegen 0.17/turn               n - ring of positive energy
MPRegen 0.14/turn               w - ring of willpower

@: corroded, very slightly contaminated
A: fangs 1, strong nose, distributed training
a: no special abilities


You were on level 4 of the Dungeon.
You visited 1 branch of the dungeon, and saw 4 of its levels.

You collected 163 gold pieces.
You spent 65 gold pieces at shops.

Inventory:

Hand Weapons
 a - a +0 trident (weapon)
Missiles
 d - 3 boomerangs of dispersal
 e - 58 stones
 f - 94 arrows
 i - a throwing net
 v - 2 javelins (quivered)
Armour
 b - a +0 leather armour (worn)
 t - a +0 pair of gloves (worn)
 x - a +0 pair of boots (worn)
Jewellery
 n - a ring of positive energy (left hand)
 w - a ring of willpower (right hand)
Scrolls
 c - a scroll of blinking
 g - a scroll of silence {unknown}
 h - a scroll of fog {unknown}
 j - 3 scrolls of identify {unknown}
 k - 2 scrolls of amnesia {unknown}
 o - a scroll of fear {unknown}
 q - a scroll of teleportation
 r - a scroll of magic mapping
 s - a scroll of summoning {unknown}
 u - a scroll of vulnerability {unknown}
 y - a scroll of enchant armour {unknown}
 z - a scroll of enchant weapon {unknown}
 A - a scroll of brand weapon {unknown}
Potions
 l - a potion of degeneration {unknown}
 m - 2 potions of curing {unknown}
 p - a potion of mutation {unknown}
 B - a potion of magic {unknown}
 C - a potion of haste {unknown}
 D - a potion of flight {unknown}


   Skills:
 + Level 5.0 Fighting
 + Level 1.9 Short Blades
 + Level 1.9 Long Blades
 + Level 1.9 Axes
 + Level 1.9 Maces & Flails
 + Level 5.0 Polearms
 + Level 1.9 Staves
 + Level 1.9 Slings
 + Level 1.9 Bows
 + Level 1.9 Crossbows
 + Level 3.2 Throwing
 + Level 3.2 Armour
 + Level 5.0 Dodging
 + Level 1.9 Stealth
 + Level 1.9 Shields
 + Level 1.9 Unarmed Combat
 + Level 5.3 Spellcasting
 + Level 1.5 Conjurations
 + Level 1.5 Hexes
 + Level 1.5 Summonings
 + Level 1.5 Necromancy
 + Level 5.6 Translocations
 + Level 1.5 Transmutations
 + Level 1.5 Fire Magic
 + Level 1.5 Ice Magic
 + Level 1.5 Air Magic
 + Level 1.5 Earth Magic
 + Level 1.5 Poison Magic
 + Level 2.1 Invocations
 + Level 1.9 Evocations


You had 13 spell levels left.
You knew the following spells:

 Your Spells              Type           Power      Damage    Failure   Level
a - Blink                 Tloc           32%        N/A       3%          2

Your spell library contained the following spells:

 Spells                   Type           Power      Damage    Failure   Level
 Gell's Gravitas          Tloc           16%        N/A       7%          3
 Lesser Beckoning         Tloc           16%        N/A       7%          3
 Teleport Other           Tloc           16%        N/A       7%          3
 Shock                    Conj/Air       24%        1d4       13%         1
 Swiftness                Air            6%         N/A       36%         3
 Manifold Assault         Tloc           16%        N/A       54%         5
 Airstrike                Air            3%         N/A       78%         4


Dungeon Overview and Level Annotations

Branches:
Dungeon (4/15)
 Temple: D:4-7

Altars:

Shops:
D:2 *

Annotations:
D:4 Grinder


Innate Abilities, Weirdness & Mutations

You have very sharp teeth.
Your uncanny sense of smell can sniff out nearby items.
Your experience applies equally to all skills.


Message History

The quokka misses you.
You closely miss the quokka.
The quokka is severely wounded.
The quokka bites you.
* * * LOW HITPOINT WARNING * * *
You miss the quokka.
The quokka is severely wounded.
The quokka bites you.
* * * LOW HITPOINT WARNING * * *
The quokka bites you.
* * * LOW HITPOINT WARNING * * *
You miss the quokka.
The quokka is severely wounded.
The quokka closely misses you.
You hit the quokka but do no damage.
The quokka is severely wounded.
The quokka barely misses you.
Unknown command.
You can't go up here!
Unknown command.
Casting: Blink (safe; 3% risk of failure)
Confirm with . or Enter, or press ? or * to list all spells.
You miscast Blink.
You are very lightly contaminated with residual magic.
Nothing appears to happen.
The quokka closely misses you.
Unknown command.
Casting: Blink (safe; 3% risk of failure)
Confirm with . or Enter, or press ? or * to list all spells.
You blink.
A scorpion comes into view.
Found a stone staircase leading down.
Unknown command.
The quokka twitches its whiskers.
The quokka bites you.
* * * LOW HITPOINT WARNING * * *
The quokka bites you.
* * * LOW HITPOINT WARNING * * *
You feel stable enough to blink again. The quokka bites you.
You die...

∆ ##.###.## #. ###..#∆#..###
#. ####...## ##...#### #.
#####....###. .###....#####.
+.....####∆..#..∆####.......
#####....###... ##....#####.
####...##Z##...####.....
###..#.#..# ....#.##
##@#w#.# .. ... ∆#.r...# ###
##...## #.).#∆ #s..# ##.##
#.# #.# .#


You could see a scorpion and a quokka.

Vanquished Creatures
  An ogre (D:3)
  A hound (D:2)
  A jelly (D:4)
  An iguana (D:4)
  4 gnolls (D:3)
  5 adders
  2 worms (D:2)
  An orc (D:4)
  3 ball pythons
  4 endoplasms
  3 giant cockroaches (D:1)
  4 goblins
  6 hobgoblins
  5 kobolds
  A quokka (D:2)
  2 bats
  2 frilled lizards
  2 rats (D:3)
48 creatures vanquished.

Notes
Turn   | Place    | Note
-------+----------+-------------------------------------------
     0 | D:1      | Ablot the Gnoll Warper began the quest for the Orb.
     0 | D:1      | Reached XP level 1. HP: 20/20 MP: 6/6
   237 | D:1      | Found a faded altar of an unknown god.
   317 | D:1      | Reached XP level 2. HP: 26/26 MP: 7/7
   320 | D:1      | Learned a level 2 spell: Blink
  1258 | D:2      | Reached XP level 3. HP: 11/31 MP: 9/9
  1519 | D:2      | Reached skill level 5 in Spellcasting
  1808 | D:2      | Reached skill level 1 in Invocations
  2100 | D:2      | Reached skill level 1 in Short Blades
  2100 | D:2      | Reached skill level 1 in Long Blades
  2100 | D:2      | Reached skill level 1 in Axes
  2100 | D:2      | Reached skill level 1 in Maces & Flails
  2100 | D:2      | Reached skill level 1 in Staves
  2100 | D:2      | Reached skill level 1 in Slings
  2100 | D:2      | Reached skill level 1 in Bows
  2100 | D:2      | Reached skill level 1 in Crossbows
  2100 | D:2      | Reached skill level 1 in Stealth
  2100 | D:2      | Reached skill level 1 in Shields
  2100 | D:2      | Reached skill level 1 in Unarmed Combat
  2100 | D:2      | Reached skill level 1 in Evocations
  2100 | D:2      | Reached XP level 4. HP: 11/38 MP: 11/11
  2344 | D:2      | Found Orivapev's General Store.
  2352 | D:2      | Bought a scroll of teleportation for 30 gold pieces
  2352 | D:2      | Bought a scroll of magic mapping for 35 gold pieces
  2544 | D:2      | Reached skill level 1 in Conjurations
  2544 | D:2      | Reached skill level 1 in Hexes
  2544 | D:2      | Reached skill level 1 in Summonings
  2544 | D:2      | Reached skill level 1 in Necromancy
  2544 | D:2      | Reached skill level 1 in Transmutations
  2544 | D:2      | Reached skill level 1 in Fire Magic
  2544 | D:2      | Reached skill level 1 in Ice Magic
  2544 | D:2      | Reached skill level 1 in Air Magic
  2544 | D:2      | Reached skill level 1 in Earth Magic
  2544 | D:2      | Reached skill level 1 in Poison Magic
  3042 | D:3      | Noticed an ogre
  3450 | D:3      | Killed an ogre
  3451 | D:3      | Reached XP level 5. HP: 15/43 MP: 12/12
  4170 | D:4      | Reached XP level 6. HP: 38/50 MP: 13/13
  4242 | D:4      | Noticed Grinder
  4787 | D:4      | Reached skill level 5 in Fighting
  4787 | D:4      | Reached skill level 5 in Polearms
  4787 | D:4      | Reached skill level 5 in Dodging
  4804 | D:4      | HP: 2/51 [quokka (2)]
  4805 | D:4      | Slain by a quokka

Illustrated notes

Levels and vault maps discovered:
D:1:      dpeg_arrival_simpleton_a, layout_loops_corners,
          shapermc_ecumenical_altar_mp_highgroup,
          nicolae_concentric_dashed_squares_mild, chequers_arboretum,
          bh_walls_and_bars
D:2:      layout_basic, serial_shops, nicolae_shop_stone
D:3:      layout_loops_ring
D:4:      minmay_general_purpose_star, layout_basic, tso_altar,
          lemuel_coloured_pillars_altar, uniq_blork_the_orc, uniq_grinder

Skill      XL: |  1  2  3  4  5  6 |
---------------+-------------------+-----
Spellcasting   | 5 |  5.3
Invocations    | 1 2 |  2.1
Short Blades   | 1 |  1.9
Long Blades    | 1 |  1.9
Axes           | 1 |  1.9
Maces & Flails | 1 |  1.9
Staves         | 1 |  1.9
Slings         | 1 |  1.9
Bows           | 1 |  1.9
Crossbows      | 1 |  1.9
Stealth        | 1 |  1.9
Shields        | 1 |  1.9
Unarmed Combat | 1 |  1.9
Evocations     | 1 |  1.9
Conjurations   | 1 |  1.5
Hexes          | 1 |  1.5
Summonings     | 1 |  1.5
Necromancy     | 1 |  1.5
Transmutations | 1 |  1.5
Fire Magic     | 1 |  1.5
Ice Magic      | 1 |  1.5
Air Magic      | 1 |  1.5
Earth Magic    | 1 |  1.5
Poison Magic   | 1 |  1.5
Throwing       | 3 |  3.2
Armour         | 3 |  3.2
Fighting       | 5 |  5.0
Polearms       | 5 |  5.0
Dodging        | 5 |  5.0
Translocations | |  5.6

Action                   |  1- 3 |  4- 6 || total
-------------------------+-------+-------++-------
Melee: Spear             |   136 |    52 ||   188
       Bite              |     9 |     9 ||    18
       Trident           |       |    82 ||    82
       Punch             |       |     1 ||     1
Throw: Javelin           |       |     4 ||     4
       Boomerang         |       |     2 ||     2
 Cast: Blink             |       |     2 ||     2
 Stab: Sleeping          |       |     2 ||     2
       Distracted        |       |     1 ||     1
Armor: Leather armour    |    19 |    20 ||    39
Dodge: Dodged            |    65 |    87 ||   152
